 Dungeon Crawl Stone Soup version 0.28.0-1-gb440e238dd (webtiles) character file.

Game seed: 6095762601641236452

35 Snicker the Sneak (level 3, -5/29 HPs)
             Began as a Demonspawn Delver on Feb 21, 2022.
             Slain by a wyvern zombie (10 damage)
             ... on level 8 of the Dungeon on Feb 22, 2022.
             The game lasted 00:02:33 (568 turns).

Snicker the Sneak (Demonspawn Delver)                Turns: 568, Time: 00:02:33

Health: -5/29      AC:  3    Str: 12    XL:     3   Next: 17%
Magic:  3/3        EV: 12    Int: 11    God:
Gold:   44         SH:  0    Dex: 16    Spells: 2/2 levels left

rFire   . . .      SeeInvis .   a - +0 short sword
rCold   . . .      Faith    .   (no shield)
rNeg    . . .      Spirit   .   b - +0 leather armour
rPois   .          Reflect  .   (no helmet)
rElec   .          Harm     .   (no cloak)
rCorr   .          Rampage  .   (no gloves)
Will    .....                   (no boots)
Stlth   +++.......              (no amulet)
HPRegen 0.09/turn               (no ring)
MPRegen 0.08/turn               (no ring)

@: no status effects
A: demonic guardian 1
a: no special abilities


You were on level 8 of the Dungeon.
You visited 1 branch of the dungeon, and saw 4 of its levels.

You collected 44 gold pieces.

Inventory:

Hand Weapons
 a - a +0 short sword (weapon)
Armour
 b - a +0 leather armour (worn)
Wands
 g - a wand of digging (3)
Scrolls
 c - a scroll of fog
 d - a scroll of magic mapping
 e - a scroll of fear
 i - a scroll of identify {unknown}
 j - a scroll of enchant weapon {unknown}
 k - a scroll of immolation {unknown}
Potions
 f - 2 potions of haste
 h - a potion of ambrosia {unknown}


   Skills:
 + Level 3.2 Fighting
 + Level 1.9 Short Blades
 + Level 1.8 Dodging
 + Level 5.3 Stealth


You had 2 spell levels left.
You didn't know any spells.
Your spell library was empty.

Dungeon Overview and Level Annotations

Branches:
Dungeon (8/15)
 Temple: D:4-7         Lair: D:8-11

Altars:


Innate Abilities, Weirdness & Mutations

A weak demonic guardian rushes to your aid.


Message History

You feel the presence of a demonic guardian.
You have reached level 3!
Your experience leads to an increase in your attributes!
Increase (S)trength, (I)ntelligence, or (D)exterity?
You feel agile. x2
Unknown command.
You start resting.
You start resting.
HP restored.
You start waiting.
Done waiting.
There is an open door here.
Found 16 stones.
i - a scroll labelled NENNUO SEARURI Welcome back, Snicker the Demonspawn Delver.
Press ? for a list of commands and other information.
Unknown command.
j - a scroll labelled NAJ TOGHUPROLECIC
Found a stone staircase leading up.
There is a stone staircase leading up here.
k - a scroll labelled UCLURE OWNIHA Unknown command.
A wyvern zombie comes into view.
Found a stone staircase leading down.
The helpless wyvern zombie fails to defend itself.
You puncture the wyvern zombie!
The wyvern zombie is moderately damaged.
The wyvern zombie closely misses you.
You hit the wyvern zombie but do no damage.
The wyvern zombie is moderately damaged.
The wyvern zombie bites you.
You hit the wyvern zombie but do no damage.
The wyvern zombie is moderately damaged.
The wyvern zombie bites you! x2
* * * LOW HITPOINT WARNING * * *
A demonic guardian appears!
You hit the wyvern zombie.
The wyvern zombie is heavily damaged.
The wyvern zombie bites you!
You die...

#...######## ..
#........... .#.
#...######## .. #......# #
#> #..###.# ####.#### #..#
#.# #.......# #..# #.#
#......Z# #..# #.#
#.....@.# #..# #.#
#.......# #..# #.#
#.....5.# #..###.#
#.......# #......# #
#.......# ##.##.## ##
####....########.#...####.
'....................(..+.
####....########.#...####.
##.#.# #........## ##


You could see a wyvern zombie (ally target) and a friendly iron imp (summoned).

Vanquished Creatures
  A howler monkey (D:8)
1 creature vanquished.

Notes
Turn   | Place    | Note
-------+----------+-------------------------------------------
     0 | D:5      | Snicker the Demonspawn Delver began the quest for the Orb.
     0 | D:5      | Reached XP level 1. HP: 18/18 MP: 1/1
    23 | D:6      | Noticed an iguana
    65 | D:8      | Noticed a howler monkey
    77 | D:8      | Killed a howler monkey
    78 | D:8      | Reached skill level 5 in Stealth
    78 | D:8      | Gained mutation: A weak demonic guardian rushes to your
                  | aid. [demonic ancestry]
    78 | D:8      | Reached XP level 2. HP: 8/24 MP: 2/2
    78 | D:8      | Reached XP level 3. HP: 10/29 MP: 3/3
   568 | D:8      | Slain by a wyvern zombie

Illustrated notes

Levels and vault maps discovered:
D:5:      layout_loops_ring, grunt_dithmenos_smoke, saegor_snake_ambush,
          uniq_menkaure, uniq_eustachio
D:6:      nicolae_cairo_tiling_very_big, layout_basic, slow_altar_2,
          minmay_temple_entry_poolview, hangedman_decor_clover_reticule,
          kennysheep_path_1, minmay_stone_trees_small, guppyfry_early_elven_hall
D:7:      layout_basic, nicolae_uskayaw_en_pointe
D:8:      layout_loops_corners, serial_shops, nicolae_diamond_shop, uniq_pikel

Skill      XL: |  1 |
---------------+----+-----
Stealth        | 5 |  5.3
Fighting       | |  3.2
Short Blades   | |  1.9
Dodging        | |  1.8

Action                   || total
-------------------------++-------
Melee: Short sword       ||    14
       Punch             ||     1
 Stab: Sleeping          ||     1
Armor: Leather armour    ||     2
Dodge: Dodged            ||     7
